Map: 카이로스 정션 - 래더

Players

Zest

  • Race: Protoss Protoss
  • League: Master
  • Spawn Location: 11:00

INnoVation - Winner!

  • Race: Terran Terran
  • League: Grandmaster
  • Spawn Location: 5:00

VOD

Have the link to the VOD?

Description

Time

  • Played on: April 23, 2019, 7:16 a.m.
  • Length: 6:03
Show
View Real Time Build Order
Export as new Build Order

Zest Protoss 

Build Orders: 1 Gate Expand, Oracle Opening 

Get SALT Encoding   

  12  0:00  Probe  
  13  0:12  Probe  
  14  0:18  Pylon  
  14  0:24  Probe  
  15  0:32  Probe  
  15  0:36  Gateway  
  15  0:40  Probe  
  16  0:45  Assimilator  
  17  0:51  Probe  
  18  1:03  Probe  
  19  1:15  Probe  
  20  1:23  Cybernetics Core  
  20  1:31  Nexus  
  20  1:33  Probe  
  21  1:40  Pylon  
  21  1:45  Probe  
  22  1:50  Adept  
  22  1:57  Probe  
  22  2:00  Assimilator  
  25  2:09  Probe  
  26  2:20  Stargate  
  26  2:22  Probe  
  27  2:26  Adept  
  29  2:34  Probe  
  29  2:36  Warp Gate  
  30  2:39  Probe  
  31  2:46  Probe  
  31  2:47  Probe  
  33  2:53  Oracle  
  33  2:57  Probe  
  33  2:58  Probe  
  38  3:06  Pylon  
  38  3:09  Probe  
  38  3:10  Probe  
  40  3:21  Probe, Oracle  
  40  3:22  Probe  
  42  3:27  Gateway  
  42  3:28  Gateway  
  42  3:33  Probe  
  46  3:35  Probe  
  47  3:45  Probe  
  47  3:47  Probe  
  49  3:49  Oracle  
  49  3:51  Nexus  
  49  3:57  Probe  
  53  4:04  Pylon  
  53  4:05  Assimilator  
  53  4:07  Assimilator  
  53  4:12  Probe  
  54  4:21  Twilight Council  
  54  4:22  Probe  
  55  4:25  Probe  
  56  4:34  Probe  
  56  4:37  Probe  
  56  4:40  Forge  
  51  4:46  Probe  
  51  4:47  Stalker x3  
  58  4:56  Robotics Facility  
  58  4:58  Shield Battery  
  58  5:01  Probe x2  
  60  5:08  Probe  
  61  5:14  Stalker  
  61  5:15  Zealot  
  62  5:23  Stalker  
  62  5:26  Probe x2  
  62  5:38  Stalker x2  
Show
View Real Time Build Order
Export as new Build Order

INnoVation Terran - Winner!

Build Orders: Reaper Expand 

Get SALT Encoding   

  12  0:01  SCV  
  13  0:13  SCV  
  14  0:16  Supply Depot  
  14  0:25  SCV  
  15  0:38  SCV  
  15  0:39  Barracks  
  16  0:43  Refinery  
  16  0:50  SCV  
  17  1:02  SCV  
  18  1:14  SCV  
  19  1:26  Reaper  
  19  1:27  Orbital Command  
  20  1:40  Command Center  
  20  1:52  SCV  
  21  1:59  Barracks Reactor, Supply Depot  
  21  2:04  SCV  
  21  2:06  Refinery  
  22  2:12  Bunker  
  22  2:16  SCV  
  23  2:23  Factory  
  23  2:28  SCV  
  24  2:35  Marine  
  24  2:36  Marine  
  26  2:40  SCV  
  27  2:52  Orbital Command  
  27  2:53  Marine  
  27  2:54  SCV, Marine  
  30  3:07  Widow Mine  
  30  3:08  SCV  
  30  3:09  Starport  
  30  3:12  Marine x2  
  33  3:18  SCV  
  36  3:20  SCV  
  37  3:27  Supply Depot  
  37  3:33  Factory Tech Lab, Marine x2  
  38  3:34  SCV x2  
  38  3:39  Supply Depot  
  40  3:45  Viking  
  40  3:46  SCV x2  
  44  3:52  Cyclone  
  44  3:54  Marine  
  44  3:55  Marine  
  49  4:00  Mag-Field Accelerator  
  49  4:02  SCV x2  
  50  4:06  Supply Depot  
  50  4:12  Marine x2  
  50  4:15  Viking  
  54  4:17  SCV x2  
  54  4:22  Supply Depot  
  56  4:24  Cyclone  
  56  4:29  SCV x2  
  60  4:32  Marine  
  60  4:33  Marine  
  62  4:38  Supply Depot  
  62  4:45  Viking  
  64  4:46  SCV x2  
  64  4:50  Marine x2  
  68  4:54  Supply Depot  
  68  4:57  Cyclone  
  68  4:59  SCV x2  
  73  5:06  Supply Depot  
  73  5:08  Marine x2  
  75  5:16  SCV  
  75  5:17  SCV  
  75  5:18  Medivac  
  78  5:26  Marine x2  
  80  5:29  SCV x2  
  80  5:30  Cyclone  
  85  5:36  Supply Depot  
  85  5:43  SCV  
  85  5:44  SCV  
  81  6:01  Command Center  
Tags
 
Add a new tag
Caveats
  • Supply blocks, unpowered buildings, or Contaminate may cause inaccurate times.
  • Supply counts are checked every 10 seconds.